 Dungeon Crawl Stone Soup version 0.31.0-11-ge490571c62 (webtiles) character file.

Game seed: 14233073316447409922

105 Arctor the Firebug (level 4, -8/24 HPs)
             Began as a Deep Elf Fire Elementalist on Feb 2, 2024.
             Mangled by Edmund
             ... wielding a +3 flail of pain
              (10 damage)
             ... on level 3 of the Dungeon.
             The game lasted 00:03:14 (4114 turns).

Arctor the Firebug (Deep Elf Fire Elementalist)     Turns: 4114, Time: 00:03:15

Health: -8/24      AC:  2    Str:  5    XL:     4   Next: 54%
Magic:  3/11       EV: 13    Int: 22    God:
Gold:   98         SH:  0    Dex: 15    Spells: 1/10 levels left

rFire   + . .        p - staff of fire
rCold   . . .        m - orb {*channel}
rNeg    . . .        a - +0 robe
rPois   .            (no helmet)
rElec   .            (no cloak)
rCorr   .            (no gloves)
SInv    .            (no boots)
Will    .....        (no amulet)
Stlth   ++           k - ring of wizardry
HPRegen 0.24/turn    (no ring)
MPRegen 0.12/turn

%: wizardry (x1), channel magic (20%)
@: no status effects
A: no striking features
a: no special abilities


You were on level 3 of the Dungeon.
You visited 1 branch of the dungeon, and saw 4 of its levels.

You collected 98 gold pieces.

Inventory:

Armour
 a - a +0 robe (worn)
 m - an orb of energy (worn)
Magical Staves
 p - a staff of fire (weapon)
Jewellery
 k - a ring of wizardry (left hand)
Scrolls
 d - a scroll of poison
 e - 2 scrolls of enchant armour
 g - a scroll of fog
 h - a scroll of blinking
 i - a scroll of amnesia {unknown}
 l - 2 scrolls of identify
 n - a scroll of summoning
 o - a scroll of noise {unknown}
Potions
 b - a potion of magic
 f - 3 potions of curing
 j - 2 potions of lignification {unknown}


   Skills:
 + Level 3.3 Dodging
 + Level 3.5 Stealth
 + Level 3.9 Spellcasting
 + Level 2.3 Conjurations
 + Level 3.9 Fire Magic


You had one spell level left.
You knew the following spells:

 Your Spells              Type           Power      Damage    Failure   Level
a - Foxfire               Conj/Fire      100%       2x1d9     4%          1
b - Scorch                Fire           64%        2d7       4%          2
c - Inner Flame           Hex/Fire       19%        N/A       14%         3
d - Volatile Blastmotes   Fire/Tloc      38%        2d13      14%         3

Your spell library contained the following spells:

 Spells                   Type           Power      Damage    Failure   Level
 Freeze                   Ice            16%        1d4       12%         1
 Static Discharge         Conj/Air       18%        3-4/arc   11%         2
 Hailstorm                Conj/Ice       9%         3d6       19%         3
 Flame Wave               Conj/Fire      27%        2d9       24%         4
 Frozen Ramparts          Ice            8%         1d2       26%         3
 Airstrike                Air            2%         2d(1-17)  58%         4
 Summon Lightning Spire   Summ/Air       4%         N/A       58%         4


Dungeon Overview and Level Annotations

Branches:
Dungeon (4/15)
 Temple: D:4-7

Altars:
Zin

Annotations:
D:3 Edmund
D:4 Grinder, Pikel


Message History

You writhe in agony.
Grinder blinks!
You can move again.
There is a stone staircase leading up here.
Edmund barely misses you.
You climb upwards.
There is a stone staircase leading down here.
Casting: Foxfire (safe; 4% risk of failure)
Confirm with . or Enter, or press ? or * to list all spells.
Okay, then.
It was a potion of heal wounds.
You feel much better.
Edmund hits you with a +3 flail of pain.
Casting: Foxfire (safe; 4% risk of failure)
Confirm with . or Enter, or press ? or * to list all spells.
You feel a surge of power!
Flames lash Edmund.
Edmund is moderately wounded.
Edmund's fire resistance burns away.
Edmund barely misses you.
Casting: Scorch (safe; 4% risk of failure)
Confirm with . or Enter, or press ? or * to list all spells.
You feel a surge of power!
Flames lash Edmund.
Edmund is burned terribly!
Edmund is heavily wounded.
Edmund hits you with a +3 flail of pain!
You writhe in agony.
Edmund hits you with a +3 flail of pain!
* * * LOW HITPOINT WARNING * * *
It was a potion of curing.
You feel better.
Edmund hits you with a +3 flail of pain.
* * * LOW HITPOINT WARNING * * *
Casting: Scorch (safe; 4% risk of failure)
Confirm with . or Enter, or press ? or * to list all spells.
You feel a surge of power!
Flames lash Edmund.
Edmund is burned terribly!
Edmund is almost dead.
Edmund hits you with a +3 flail of pain.
* * * LOW HITPOINT WARNING * * *
Casting: Scorch (safe; 4% risk of failure)
Confirm with . or Enter, or press ? or * to list all spells.
You feel a surge of power!
Flames lash Edmund.
Edmund is almost dead.
Edmund hits you with a +3 flail of pain!
You die...
Edmund whines, "They better pay attention to me now!"

###............#.#.#
#.....##.#####.#.#.#
#.....#### #<#.###
#.....# #.#.########
#.....# #.#........#
#.....# #.#..####.##
#.....########.#..####.#
.................>.....#
#.....########..@@...#.#
#.....##### #.##.##.###
#######...# #.##.##.#
### #...# ####.##.# ..#
#...# ###.##.# ..# #...#
#...##.# ..# #...#
#.####.######## #.#
#...# #.# #........# #.#
#...# #.# ########.#


You could see Edmund (combustible).

Vanquished Creatures
  3 adders
  8 dart slugs
  2 ribbon worms (D:2)
  7 endoplasms
  2 giant cockroaches
  3 goblins
  5 hobgoblins
  2 jackals (D:2)
  5 kobolds
  5 quokkas
  3 ball pythons
  4 bats
  4 frilled lizards
  A rat (D:1)
  A spectral goblin (D:1)
55 creatures vanquished.

Vanquished Creatures (others)
  336 foxfires
336 creatures vanquished.

Grand Total: 391 creatures vanquished

Notes
Turn   | Place    | Note
-------+----------+-------------------------------------------
     0 | D:1      | Arctor the Deep Elf Fire Elementalist began the quest for
                  | the Orb.
     0 | D:1      | Reached XP level 1. HP: 10/10 MP: 6/6
   204 | D:1      | Reached XP level 2. HP: 5/15 MP: 1/8
   923 | D:1      | Reached XP level 3. HP: 19/19 MP: 1/9
  1120 | D:1      | Found a faded altar of an unknown god.
  1526 | D:2      | Learned a level 2 spell: Scorch
  1740 | D:2      | Found a glowing silver altar of Zin.
  2422 | D:2      | Reached XP level 4. HP: 24/24 MP: 5/11
  2926 | D:3      | Learned a level 3 spell: Inner Flame
  2930 | D:3      | Learned a level 3 spell: Volatile Blastmotes
  3939 | D:4      | Noticed Edmund
  3943 | D:4      | Noticed Grinder
  4071 | D:4      | Noticed Pikel
  4071 | D:4      | Noticed a lemure
  4071 | D:4      | Noticed a lemure
  4071 | D:4      | Noticed a lemure
  4104 | D:4      | Paralysed by Grinder for 2 turns
  4114 | D:3      | Mangled by Edmund

Illustrated notes

Levels and vault maps discovered:
D:1:      dpeg_arrival_pits, layout_basic,
          dreamdust_ecumenical_altar_drowned_temple
D:2:      layout_loops_corners, basic_altar
D:3:      layout_basic
D:4:      layout_basic, kennysheep_mini_moat, uniq_edmund, uniq_pikel,
          uniq_grinder

Skill      XL: |  1  2  3 |
---------------+----------+-----
Stealth        | 3 |  3.5
Dodging        | 3 |  3.3
Conjurations   | 2 |  2.3
Spellcasting   | |  3.9
Fire Magic     | |  3.9

Action                     |  1- 3 |  4- 6 || total
---------------------------+-------+-------++-------
  Melee: Unarmed           |     6 |       ||     6
   Cast: Foxfire           |   146 |    76 ||   222
         Scorch            |     2 |     4 ||     6
    Use: Scroll            |     5 |       ||     5
         Potion            |       |     2 ||     2
 Armour: Robe              |    11 |     8 ||    19
  Dodge: Dodged            |    13 |     2 ||    15
